 Dungeon Crawl Stone Soup version 0.30.0-29-ga12c61a403 (webtiles) character file.

Game seed: 16708961247713395138

223121 qw the Severer (level 19, -2/124 HPs)
             Began as a Gargoyle Fighter on June 6, 2023.
             Was a High Priest of Okawaru.
             Slain by a juggernaut (glowing shapeshifter) (53 damage)
             ... on level 1 of the Vaults.
             The game lasted 00:18:23 (32437 turns).

qw the Severer (Gargoyle Fighter)                  Turns: 32437, Time: 00:18:23

Health: -2/124     AC: 49    Str: 32      XL:     19   Next: 25%
Magic:  26/26      EV: 12    Int:  8 (11) God:    Okawaru [*****.]
Gold:   1364       SH: 22    Dex: 13      Spells: 18/18 levels left

rFire   + . .        Y - +0 broad axe (elec)
rCold   + . .        w - +0 tower shield
rNeg    + + .        q - +3 plate armour {rC+}
rPois   inf          x - +1 helmet of Distant Worlds {Will+}
rElec   +            r - +0 cloak "Rideezon" {Contam Str+3 Dex+4 SInv}
rCorr   .            y - +3 pair of gloves "Mulaxt" {rN+ Int+3}
SInv    +            m - +1 pair of boots "Yheeret" {+Inv Will++}
Will    ++++.        A - amulet of faith Stlth
                     D - +4 ring of slaying {mikee}
HPRegen 0.40/turn    l - +4 ring of protection
MPRegen 0.20/turn

%: faith
@: heroic, corroded, flying
A: sickness immunity, AC +14, big wings, negative energy resistance 1,
electricity resistance, torment resistance 1, petrification resistance, fire
resistance 1, passive freeze, wild magic 2
}: 1/15 runes: decaying
a: Renounce Religion, Evoke Invisibility, Heroism, Finesse, Duel


You were on level 1 of the Vaults.
You worshipped Okawaru.
Okawaru was extremely pleased with you.
You visited 7 branches of the dungeon, and saw 31 of its levels.

You collected 3375 gold pieces.
You spent 2011 gold pieces at shops.


Innate Abilities, Weirdness & Mutations

You are immune to sickness and miasma.
Your stone body is resilient. (AC +14)
You are immune to poison.
Your large and strong wings let you fly.
You resist negative energy. (rN+)
You are resistant to electric shocks. (rElec)
You are resistant to unholy torment.
You are immune to petrification.
Your flesh is heat resistant. (rF+)
A frigid envelope surrounds you and freezes all who hurt you.
Your spells are harder to cast, but more powerful.


   Skills:
 - Level 15.3(20.3) Fighting
 - Level 18.0(23.0) Axes
 - Level 9.0(14.0) Throwing
 - Level 15.0(20.0) Armour
 - Level 5.2(10.2) Dodging
 + Level 17.8(22.8) Shields
 - Level 10.0 Invocations


You had 18 spell levels left.
You didn't know any spells.
Your spell library was empty.

Inventory:

Hand Weapons
 Y - a +0 broad axe of electrocution (weapon)
Missiles
 k - 10 silver javelins (quivered)
 F - 13 boomerangs
 K - 3 javelins
Armour
 c - the +4 ring mail of Misanthropy {rF+ Will+ rCorr Int+3}
   (Okawaru gifted it to you on level 11 of the Dungeon)

   Int:       It affects your intelligence (+3).
   rF:        It protects you from fire.
   rCorr:     It protects you from acid and corrosion.
   Will:      It increases your willpower.
 g - a +2 helmet
 m - the +1 pair of boots "Yheeret" (worn) {+Inv Will++}
   (You acquired it on level 4 of the Swamp)

   +Inv:      It lets you turn invisible.
   Will:      It greatly increases your willpower.
 q - a +3 plate armour of cold resistance (worn)
 r - the +0 cloak "Rideezon" (worn) {Contam Str+3 Dex+4 SInv}
   (You found it on level 7 of the Dungeon)

   Str:       It affects your strength (+3).
   Dex:       It affects your dexterity (+4).
   SInv:      It lets you see invisible.
   Contam:    It causes magical contamination when unequipped.
 u - a +4 plate armour
 w - a +0 tower shield (worn)
 x - the +1 helmet of Distant Worlds (worn) {Will+}
   (You found it on level 1 of the Lair of Beasts)

   Will:      It increases your willpower.
 y - the +3 pair of gloves "Mulaxt" (worn) {rN+ Int+3}
   (Okawaru gifted it to you on level 2 of the Lair of Beasts)

   Int:       It affects your intelligence (+3).
   rN:        It protects you from negative energy.
 C - a +2 pair of boots of rampaging
 G - the +0 chain mail of the Flute {rF++ Will-}
   (Okawaru gifted it to you on level 1 of the Orcish Mines)

   rF:        It greatly protects you from fire.
   Will:      It decreases your willpower.
Jewellery
 e - a ring of protection from cold
 j - a ring of resist corrosion
 l - a +4 ring of protection (right hand)
 p - a ring of fire
 v - a ring of protection from fire
 A - an amulet of faith (around neck)
 D - a +4 ring of slaying (left hand) {mikee}
 H - an amulet of reflection
 I - a ring of protection from cold
Wands
 t - a wand of digging (15)
Scrolls
 b - 5 scrolls of teleportation
 h - 17 scrolls of identify
Potions
 d - 9 potions of might
 f - 13 potions of curing
 i - 2 potions of cancellation
 n - 4 potions of resistance
 o - 2 potions of magic
 s - 4 potions of lignification
 z - 3 potions of haste
 B - a potion of attraction
 E - 2 potions of mutation
 L - a potion of heal wounds

Dungeon Overview and Level Annotations

Branches:
Dungeon (15/15)            Temple (1/1) D:5            Lair (5/5) D:11
  Swamp (4/4) Lair:2       Spider (3/4) Lair:2        Slime (0/5) Lair:5
    Orc (2/2) D:9             Elf (0/3) Orc:2        Vaults (1/5) D:13
 Depths (0/4) D:15

Altars:
Ashenzari
Cheibriados
Dithmenos
Elyvilon
Fedhas
Gozag
Hepliaklqana
Kikubaaqudgha
Makhleb
Nemelex Xobeh
Okawaru
Qazlal
Ru
Sif Muna
Trog
Uskayaw
Vehumet
Wu Jian
Xom
Yredelemnul
Zin
The Shining One

Shops:
D:4 =   D:15 *[   Orc:2 *=[?   Vaults:1 *

Annotations:
D:5 1 runed translucent door


Message History

The caustic shrike is lightly wounded.
The caustic shrike claws you but does no damage.
You hit the caustic shrike.
Lightning courses through the caustic shrike!
The caustic shrike is moderately wounded.
The caustic shrike claws you but does no damage.
The caustic shrike resists.
The caustic shrike is very cold.
The caustic shrike is moderately wounded.
You barely miss the caustic shrike.
The caustic shrike is moderately wounded.
The caustic shrike changes into a rockslime!
You hit the rockslime but do no damage.
The rockslime is lightly wounded.
You slice the rockslime!!
The rockslime is heavily wounded.
You block the rockslime's attack.
You hit the rockslime but do no damage.
The rockslime is heavily wounded.
You block the rockslime's attack.
You slice the rockslime!!
The rockslime is almost dead.
The rockslime changes into a juggernaut!
You hit the juggernaut but do no damage.
The juggernaut is moderately wounded.
The juggernaut hits you!!!
The juggernaut is very cold.
The juggernaut is moderately wounded.
The juggernaut hits you but does no damage.
The juggernaut is very cold.
The juggernaut is moderately wounded.
You hit the juggernaut but do no damage.
The juggernaut is moderately wounded.
You hit the juggernaut but do no damage.
Lightning courses through the juggernaut!
The juggernaut is moderately wounded.
You hit the juggernaut.
The juggernaut is moderately wounded.
You slice the juggernaut!!
The juggernaut is heavily wounded.
The juggernaut hits you!!!
You die...

........#....###..##....... #..
....>...#.###..#...#....8.. #..
........#^..#..###.'.8.888. #..
........##..###..%)#.888888 ###+#
##########....#..#)######## #....
##...#)#).# #.... ###D.....#
#....
#################C###########....
................@..........##....
...........................##....
..##########...............##....
..#...###..#............[..######
..#...'.'..#...............#.....
..#...###'##...............#.....
..#####.'.##...............#.....
..##.#.#####...............#.....
..##'#'#...#.......[.......#.....


You could see a juggernaut shaped shifter.

Vanquished Creatures
  Saint Roka (Vaults:1)
  Bai Suzhen (Swamp:4)
  A tentacled monstrosity (Swamp:2)
  Rupert (Orc:2)
  Frances (Spider:1)
  A sphinx (Vaults:1)
  Gastronok (Lair:2)
  Donald (Orc:2)
  3 thorn hunters
  Roxanne (Swamp:2)
  2 fenstrider witches
  A vault warden (Vaults:1)
  An emperor scorpion (Spider:2)
  Louise (Swamp:4)
  2 ghost moths
  7 ironbound preservers (Vaults:1)
  2 broodmothers
  A very ugly thing (Vaults:1)
  An ironbound thunderhulk (Vaults:1)
  5 eleionomae
  5 dire elephants
  6 bunyips
  A spark wasp (Spider:3)
  2 ettins
  Snorg (D:13)
  Josephine (D:11)
  2 shambling mangroves
  A yaktaur captain (Vaults:1)
  A great orb of eyes (Vaults:1)
  4 vault guards (Vaults:1)
  An ice dragon (D:13)
  2 entropy weavers (Spider:1)
  28 hydras
  4 centaur warriors
  2 ghost crabs (Swamp:2)
  2 ironbound frosthearts (Vaults:1)
  A catoblepas (Lair:5)
  2 radroaches
  2 jorogumos
  6 boulder beetles
  A satyr (shapeshifter) (Vaults:1)
  6 two-headed ogres
  A tengu warrior (D:14)
  10 alligators
  A deep troll shaman (Lair:5)
  2 spriggan berserkers
  10 death yaks
  Sonja (D:12)
  4 skysharks
  Lodul (D:12)
  5 skeletal warriors (D:14)
  4 pharaoh ants
  2 death drakes
  9 swamp dragons
  7 goliath frogs
  6 bog bodies
  3 spriggan druids
  7 deep trolls (Vaults:1)
  2 ironbound convokers (Vaults:1)
  8 orb spiders
  A glowing orange brain (Vaults:1)
  9 lindwurms
  4 orc knights
  Pikel (D:8)
  A deep elf archer (D:14)
  3 steelbarb worms (Spider:3)
  A wizard (Vaults:1)
  2 deep elf zephyrmancers (D:14)
  12 wolf spiders
  3 deep elf pyromancers
  7 will-o-the-wisps
  A salamander (D:15)
  5 manticores
  2 cyclopes
  10 ugly things
  16 elephants
  6 vault sentinels (Vaults:1)
  2 moths of wrath
  5 cane toads
  Joseph (D:9)
  7 demonic crawlers
  8 black mambas
  7 torpor snails
  2 gargoyles
  6 komodo dragons
  Psyche (D:12)
  3 yaktaurs (Vaults:1)
  3 rime drakes
  5 tengu conjurers (D:14)
  3 meliai (Spider:3)
  8 trolls
  15 tarantellas
  6 polar bears
  11 tyrant leeches
  15 hornets
  25 blink frogs
  5 dream sheep (Lair:4)
  13 jumping spiders
  13 slime creatures
  13 culicivoras
  5 wraiths
  10 spriggans
  7 wyverns
  74 yaks
  14 vampire mosquitoes
  9 basilisks
  2 steam dragons
  47 redbacks
  14 swamp worms
  5 wargs
  Edmund (D:5)
  14 water moccasins
  An acid dragon (D:11)
  10 swamp drakes
  2 ice beasts
  35 orc warriors
  2 sky beasts
  3 black bears
  12 wolves (Lair:5)
  13 ogres
  16 centaurs
  2 phantoms
  4 lemures (D:8)
  12 bullfrogs
  7 gnoll sergeants (D:9)
  3 kobold brigands (D:9)
  2 scorpions
  11 wights
  9 howler monkeys
  A lava snake (Lair:5)
  A human zombie (D:5)
  5 jellies
  9 orc priests
  3 hounds
  Jessica (D:2)
  3 iguanas
  An iguana (shapeshifter) (D:13)
  20 orc wizards
  7 hell rats (Lair:1)
  A polar bear simulacrum (Lair:1)
  Robin (D:3)
  6 gnolls
  11 river rats (Lair:1)
  An adder (D:4)
  2 white imps
  An ufetubus (D:5)
  A dart slug (D:1)
  74 orcs
  6 ball pythons
  6 bats
  9 endoplasms
  2 giant cockroaches (D:2)
  18 goblins
  5 hobgoblins
  5 kobolds
  11 quokkas
  5 frilled lizards
  19 rats
  A spectral goblin (D:9)
1042 creatures vanquished.

Vanquished Creatures (others)
  An eleionoma (Swamp:2)
  2 bloated husks
  A redback (Spider:3)
  36 foxfires
40 creatures vanquished.

Grand Total: 1082 creatures vanquished

Notes
Turn   | Place    | Note
-------+----------+-------------------------------------------
     0 | D:1      | qw the Gargoyle Fighter began the quest for the Orb.
     0 | D:1      | Reached XP level 1. HP: 14/14 MP: 1/1
     0 | D:1      | 0 ||| qw: Version: 0.2-a-108-gee2c290
     0 | D:1      | 0 ||| qw: Game counter: 1510
     0 | D:1      | 0 ||| qw: Always use a shield: true
     0 | D:1      | 0 ||| qw: God list: Okawaru
     0 | D:1      | 0 ||| qw: Allow faded altars: false
     0 | D:1      | 0 ||| qw: Do Orc after D:15 true
     0 | D:1      | 0 ||| qw: Do second Lair branch before Depths: true
     0 | D:1      | 0 ||| qw: Lair rune preference: random
     0 | D:1      | 0 ||| qw: Plans: Normal, Zot:1-4, Slime:5, God:TSO, Crypt,
                  | Tomb, Abyss, Pan, Hells, Win
     0 | D:1      | 0 ||| PLANNING D:1-11
    65 | D:1      | Reached skill level 2 in Axes
   285 | D:1      | Reached XP level 2. HP: 19/19 MP: 2/2
   461 | D:1      | Found a faded altar of an unknown god.
   668 | D:1      | 668 ||| FLEEEEING.
   686 | D:1      | 686 ||| Stepping ~*~*~tactically~*~*~ (hiding).
   687 | D:1      | 687 ||| Stepping ~*~*~tactically~*~*~ (hiding).
   823 | D:1      | Reached skill level 3 in Axes
   839 | D:1      | Reached XP level 3. HP: 23/23 MP: 3/3
  1073 | D:1      | 1073 ||| UPGRADING to ring of protection from fire.
  1074 | D:1      | 1074 ||| READING 2 scrolls labelled MYWOSAI ZOISAWK.
  1075 | D:1      | 1075 ||| READING scroll labelled SOPRUYNAIR.
  1078 | D:1      | 1078 ||| READING 2 scrolls labelled NIHA KUTOLISYD.
  1079 | D:1      | 1079 ||| DRINKING 2 lumpy inky potions.
  1080 | D:1      | 1080 ||| DROPPING scroll of fear.
  1163 | D:2      | 1163 ||| Stepping ~*~*~tactically~*~*~ (hiding).
  1332 | D:2      | 1332 ||| Stepping ~*~*~tactically~*~*~ (stealth).
  1351 | D:2      | Noticed Jessica
  1355 | D:2      | Killed Jessica
  1356 | D:2      | Reached XP level 4. HP: 28/28 MP: 4/4
  1405 | D:2      | Reached skill level 4 in Axes
  1484 | D:2      | Found a blossoming altar of Fedhas.
  1688 | D:2      | 1688 ||| UPGRADING to +1 pair of gloves.
  1693 | D:2      | 1693 ||| READING 2 scrolls of enchant armour.
  1693 | D:2      | 1693 ||| ENCHANTING +1 pair of gloves.
  1694 | D:2      | 1694 ||| UPGRADING to amulet of regeneration.
  1699 | D:2      | 1699 ||| READING scroll labelled ZILEXO JYOR.
  1704 | D:2      | 1704 ||| READING scroll labelled JEXOLU GAOSEAS.
  1720 | D:3      | Noticed a scorpion
  1725 | D:3      | Killed a scorpion
  1726 | D:3      | Reached XP level 5. HP: 32/32 MP: 5/5
  1936 | D:3      | 1936 ||| DROPPING +0 mace.
  1969 | D:3      | Noticed Robin
  1988 | D:3      | Reached skill level 5 in Axes
  1996 | D:3      | Killed Robin
  2206 | D:3      | 2206 ||| UPGRADING to +0 helmet.
  2211 | D:3      | 2211 ||| READING scroll of enchant armour.
  2211 | D:3      | 2211 ||| ENCHANTING +0 helmet.
  2212 | D:3      | 2212 ||| READING scroll labelled JUCSYBUGGE.
  2313 | D:3      | 2313 ||| READING scroll labelled YFEEK TOICHEI.
  2314 | D:3      | 2314 ||| DRINKING 2 sedimented golden potions.
  2314 | D:3      | Gained mutation: You sometimes lose your temper in combat.
                  | [potion of mutation]
  2314 | D:3      | Gained mutation: You expend magic power (3 MP) to
                  | strengthen your wands. [potion of mutation]
  2314 | D:3      | Gained mutation: You occasionally lose the ability to read
                  | scrolls when taking damage. [potion of mutation]
  2315 | D:3      | 2315 ||| DRINKING potion of mutation.
  2315 | D:3      | Lost mutation: You occasionally lose the ability to read
                  | scrolls when taking damage. [potion of mutation]
  2315 | D:3      | Lost mutation: You expend magic power (3 MP) to strengthen
                  | your wands. [potion of mutation]
  2315 | D:3      | Lost mutation: You sometimes lose your temper in combat.
                  | [potion of mutation]
  2315 | D:3      | Gained mutation: Your flesh is heat resistant. (rF+)
                  | [potion of mutation]
  2315 | D:3      | Gained mutation: A frigid envelope surrounds you and
                  | freezes all who hurt you. [potion of mutation]
  2315 | D:3      | Gained mutation: Your spells are a little harder to cast,
                  | but a little more powerful. [potion of mutation]
  2315 | D:3      | Gained mutation: Your spells are harder to cast, but more
                  | powerful. [potion of mutation]
  2377 | D:4      | Noticed a black bear
  2383 | D:4      | Killed a black bear
  2384 | D:4      | Reached skill level 1 in Dodging
  2384 | D:4      | Reached XP level 6. HP: 32/38 MP: 6/6
  2384 | D:4      | 2384 ||| FLEEEEING.
  2385 | D:4      | 2385 ||| FLEEEEING.
  2386 | D:4      | 2386 ||| FLEEEEING.
  2401 | D:4      | 2401 ||| FLEEEEING.
  2411 | D:4      | 2411 ||| STAIRDANCE
  2545 | D:4      | Found an ornate altar of the Wu Jian Council.
  2547 | D:4      | 2547 ||| Stepping ~*~*~tactically~*~*~ (hiding).
  2679 | D:4      | 2679 ||| Stepping ~*~*~tactically~*~*~ (stealth).
  2680 | D:4      | 2680 ||| Stepping ~*~*~tactically~*~*~ (stealth).
  2681 | D:4      | 2681 ||| Stepping ~*~*~tactically~*~*~ (hiding).
  2682 | D:4      | 2682 ||| Stepping ~*~*~tactically~*~*~ (hiding).
  2720 | D:4      | Found Utolon's Jewellery Emporium.
  2728 | D:4      | 2728 ||| SHOPLISTING +6 ring of dexterity (504 gold, have
                  | 91).
  2728 | D:4      | 2728 ||| SHOPLISTING +6 ring of strength (504 gold, have
                  | 91).
  2728 | D:4      | 2728 ||| SHOPLISTING amulet of faith (560 gold, have 91).
  2728 | D:4      | 2728 ||| SHOPLISTING amulet of reflection (420 gold, have
                  | 91).
  2728 | D:4      | 2728 ||| SHOPLISTING ring of protection from fire (350
                  | gold, have 91).
  3023 | D:4      | 3023 ||| DRINKING 2 coppery potions.
  3024 | D:4      | 3024 ||| READING 2 scrolls of identify.
  3024 | D:4      | 3024 ||| IDENTIFYING metallic sapphire potion
  3025 | D:4      | 3025 ||| DROPPING potion of berserk rage.
  3039 | D:5      | Entered Level 5 of the Dungeon
  3063 | D:5      | Reached XP level 7. HP: 43/43 MP: 7/7
  3095 | D:5      | Found a snail-covered altar of Cheibriados.
  3103 | D:5      | Found a shimmering altar of Xom.
  3137 | D:5      | 3137 ||| READING scroll of enchant armour.
  3137 | D:5      | 3137 ||| ENCHANTING +1 helmet.
  3141 | D:5      | Noticed Edmund
  3148 | D:5      | Killed Edmund
  3149 | D:5      | Reached skill level 6 in Axes
  3285 | D:5      | 3285 ||| Stepping ~*~*~tactically~*~*~ (hiding).
  3288 | D:5      | 3288 ||| Stepping ~*~*~tactically~*~*~ (hiding).
  3305 | D:5      | Reached skill level 7 in Axes
  3429 | D:5      | Reached XP level 8. HP: 28/50 MP: 8/8
  3454 | D:5      | Found a staircase to the Ecumenical Temple.
  3455 | D:5      | 3455 ||| PLANNING TEMPLE
  3455 | D:5      | 3455 ||| UPGRADING to +0 chain mail.
  3465 | D:5      | 3465 ||| DROPPING +0 scale mail.
  3486 | Temple   | Entered the Ecumenical Temple
  3504 | Temple   | 3504 ||| PLANNING OKAWARU WORSHIP
  3533 | Temple   | Became a worshipper of Warmaster Okawaru
  3533 | Temple   | 3533 ||| PLANNING D:1-11
  3566 | D:5      | Found a runed translucent door.
  3572 | D:5      | Found a basalt altar of Yredelemnul.
  3639 | D:5      | Reached skill level 1 in Throwing
  3648 | D:5      | 3648 ||| READING 2 scrolls of identify.
  3648 | D:5      | 3648 ||| IDENTIFYING metallic orange potion
  3677 | D:6      | 3677 ||| Stepping ~*~*~tactically~*~*~ (stealth).
  3678 | D:6      | 3678 ||| Stepping ~*~*~tactically~*~*~ (stealth).
  3822 | D:6      | 3822 ||| Stepping ~*~*~tactically~*~*~ (stealth).
  3824 | D:6      | 3824 ||| Stepping ~*~*~tactically~*~*~ (hiding).
  3840 | D:6      | Reached skill level 8 in Axes
  3849 | D:6      | Reached * piety under Okawaru
  3851 | D:6      | 3851 ||| INVOKING Heroism.
  3852 | D:6      | 3852 ||| INVOKING Heroism.
  4010 | D:6      | 4010 ||| SWAPPING to +2 war axe.
  4011 | D:6      | 4011 ||| DROPPING +0 war axe.
  4056 | D:6      | 4056 ||| Stepping ~*~*~tactically~*~*~ (stealth).
  4066 | D:6      | Reached skill level 6 in Fighting
  4067 | D:6      | 4067 ||| DRINKING 3 potions of curing.
  4067 | D:6      | 4067 ||| (to cure confusion)
  4072 | D:6      | 4072 ||| DRINKING 2 potions of curing.
  4072 | D:6      | 4072 ||| (to cure confusion)
  4289 | D:6      | 4289 ||| READING scroll labelled ALUILO JEUZ.
  4290 | D:6      | 4290 ||| READING scroll labelled LUXZOR LOBODDE.
  4291 | D:6      | 4291 ||| DRINKING 2 black potions.
  4292 | D:6      | 4292 ||| READING 3 scrolls of identify.
  4292 | D:6      | 4292 ||| IDENTIFYING amethyst potion
  4293 | D:6      | 4293 ||| DROPPING potion of flight.
  4294 | D:6      | 4294 ||| DROPPING potion of invisibility.
  4318 | D:7      | Noticed a manticore
  4319 | D:7      | 4319 ||| INVOKING Heroism.
  4327 | D:7      | Killed a manticore
  4328 | D:7      | Reached skill level 9 in Axes
  4328 | D:7      | Reached XP level 9. HP: 47/55 MP: 7/9
  4344 | D:7      | 4344 ||| Stepping ~*~*~tactically~*~*~ (stealth).
  4430 | D:7      | 4430 ||| Stepping ~*~*~tactically~*~*~ (stealth).
  4436 | D:7      | Reached skill level 1 in Invocations
  4440 | D:7      | 4440 ||| Stepping ~*~*~tactically~*~*~ (stealth).
  4447 | D:7      | 4447 ||| DROPPING +0 flail.
  4470 | D:7      | Found a glowing golden altar of the Shining One.
  4501 | D:7      | Identified the +0 cloak "Rideezon" {Contam Str+3 Dex+4
                  | SInv}
  4676 | D:7      | Reached ** piety under Okawaru
  4777 | D:7      | 4777 ||| DROPPING +0 mace of venom.
  4944 | D:7      | Found a burning altar of Makhleb.
  5200 | D:7      | 5200 ||| UPGRADING to +0 cloak "Rideezon" {Contam Str+3
                  | Dex+4 SInv}.
  5205 | D:7      | 5205 ||| READING scroll labelled VIASTR TUTRAMO.
  5206 | D:7      | 5206 ||| READING 6 scrolls of identify.
  5206 | D:7      | 5206 ||| IDENTIFYING fuming green potion
  5242 | D:8      | 5242 ||| INVOKING Heroism.
  5282 | D:8      | 5282 ||| Stepping ~*~*~tactically~*~*~ (stealth).
  5293 | D:8      | Reached skill level 3 in Invocations
  5358 | D:8      | 5358 ||| Stepping ~*~*~tactically~*~*~ (stealth).
  5365 | D:8      | Noticed a hornet
  5365 | D:8      | Noticed Pikel
  5366 | D:8      | 5366 ||| INVOKING Heroism.
  5369 | D:8      | Reached XP level 10. HP: 58/63 MP: 10/13
  5380 | D:8      | Killed Pikel
  5380 | D:8      | Reached *** piety under Okawaru
  5381 | D:8      | Reached skill level 10 in Axes
  5393 | D:8      | 5393 ||| Stepping ~*~*~tactically~*~*~ (stealth).
  5414 | D:8      | Reached skill level 6 in Armour
  5428 | D:8      | 5428 ||| Stepping ~*~*~tactically~*~*~ (stealth).
  5429 | D:8      | 5429 ||| Stepping ~*~*~tactically~*~*~ (stealth).
  5448 | D:8      | Found a radiant altar of Vehumet.
  5449 | D:8      | 5449 ||| Stepping ~*~*~tactically~*~*~ (stealth).
  5451 | D:8      | 5451 ||| Stepping ~*~*~tactically~*~*~ (hiding).
  5474 | D:8      | Found an ancient bone altar of Kikubaaqudgha.
  5475 | D:8      | Found a shimmering blue altar of Sif Muna.
  5773 | D:8      | 5773 ||| Stepping ~*~*~tactically~*~*~ (stealth).
  5782 | D:8      | Found a bloodstained altar of Trog.
  5969 | D:8      | 5969 ||| READING scroll labelled OJONLO HAORINA.
  5970 | D:8      | 5970 ||| READING scroll labelled TUDIBR QANANE.
  5971 | D:8      | 5971 ||| READING 5 scrolls of identify.
  5971 | D:8      | 5971 ||| IDENTIFYING fuming dark potion
  6007 | D:9      | Noticed Joseph
  6021 | D:9      | Killed Joseph
  6021 | D:9      | Reached **** piety under Okawaru
  6049 | D:9      | 6049 ||| Stepping ~*~*~tactically~*~*~ (stealth).
  6063 | D:9      | Found a sacrificial altar of Ru.
  6064 | D:9      | 6064 ||| INVOKING Heroism.
  6069 | D:9      | Received a gift from Okawaru
  6148 | D:9      | 6148 ||| Stepping ~*~*~tactically~*~*~ (stealth).
  6159 | D:9      | Reached skill level 11 in Axes
  6178 | D:9      | 6178 ||| Stepping ~*~*~tactically~*~*~ (stealth).
  6181 | D:9      | 6181 ||| Stepping ~*~*~tactically~*~*~ (stealth).
  6189 | D:9      | Reached XP level 11. HP: 68/68 MP: 15/15
  6200 | D:9      | Reached skill level 6 in Invocations
  6381 | D:9      | 6381 ||| DROPPING +2 flail of holy wrath.
  6393 | D:9      | Found a staircase to the Orcish Mines.
  6394 | D:9      | 6394 ||| INVOKING Heroism.
  6414 | D:9      | Reached skill level 3 in Throwing
  6498 | D:9      | Noticed a two-headed ogre
  6500 | D:9      | 6500 ||| INVOKING Heroism.
  6510 | D:9      | Killed a two-headed ogre
  6549 | D:9      | Found a hazy altar of Hepliaklqana.
  6808 | D:9      | 6808 ||| UPGRADING to +0 kite shield.
  6818 | D:9      | 6818 ||| DROPPING +0 buckler.
  6819 | D:9      | 6819 ||| UPGRADING to +0 plate armour.
  6829 | D:9      | 6829 ||| DROPPING +0 chain mail.
  6830 | D:9      | 6830 ||| READING 2 scrolls of enchant armour.
  6830 | D:9      | 6830 ||| ENCHANTING +0 plate armour.
  6831 | D:9      | 6831 ||| READING scroll of enchant armour.
  6831 | D:9      | 6831 ||| ENCHANTING +1 plate armour.
  6832 | D:9      | 6832 ||| DROPPING amulet of magic regeneration.
  6846 | D:10     | Entered Level 10 of the Dungeon
  6847 | D:10     | 6847 ||| INVOKING Heroism.
  6963 | D:10     | 6963 ||| Stepping ~*~*~tactically~*~*~ (stealth).
  6991 | D:10     | 6991 ||| INVOKING Heroism.
  7105 | D:10     | Noticed a red ugly thing
  7109 | D:10     | Killed a red ugly thing
  7109 | D:10     | Received a gift from Okawaru
  7117 | D:10     | Reached skill level 6 in Shields
  7200 | D:10     | Reached ***** piety under Okawaru
  7212 | D:10     | Reached skill level 9 in Invocations
  7241 | D:10     | Found a broken altar of Ashenzari.
  7309 | D:10     | Noticed a two-headed ogre
  7310 | D:10     | 7310 ||| INVOKING Heroism.
  7315 | D:10     | Killed a two-headed ogre
  7368 | D:10     | 7368 ||| INVOKING Heroism.
  7457 | D:10     | Found a shadowy altar of Dithmenos.
  7533 | D:10     | Identified the +5 flail of Apteguh {pain, rElec rC+ Str-5
                  | Int+3}
  7535 | D:10     | 7535 ||| DROPPING +5 flail of Apteguh {pain, rElec rC+
                  | Str-5 Int+3}.
  7631 | D:10     | 7631 ||| DROPPING ring of flight.
  7632 | D:10     | 7632 ||| READING scroll labelled QOARPHE HYACEH.
  7633 | D:10     | 7633 ||| READING 4 scrolls of identify.
  7633 | D:10     | 7633 ||| IDENTIFYING emerald potion
  7634 | D:10     | 7634 ||| DROPPING potion of ambrosia.
  7682 | D:11     | Reached XP level 12. HP: 66/75 MP: 19/19
  7709 | D:11     | Found a staircase to the Lair.
  7740 | D:11     | Noticed Josephine
  7741 | D:11     | 7741 ||| Stepping ~*~*~tactically~*~*~ (hiding).
  7742 | D:11     | 7742 ||| Stepping ~*~*~tactically~*~*~ (hiding).
  7756 | D:11     | Killed Josephine
  7769 | D:11     | Reached skill level 9 in Shields
  8085 | D:11     | Noticed a two-headed ogre
  8086 | D:11     | 8086 ||| FLEEEEING.
  8087 | D:11     | 8087 ||| FLEEEEING.
  8225 | D:11     | Killed a two-headed ogre
  8225 | D:11     | Identified the +4 ring mail of Misanthropy {rF+ Will+ rCorr
                  | Int+3} (Okawaru gifted it to you on level 11 of the
                  | Dungeon)
  8225 | D:11     | Received a gift from Okawaru
  8624 | D:11     | 8624 ||| PLANNING LAIR
  8624 | D:11     | 8624 ||| UPGRADING to ring of ice.
  8625 | D:11     | 8625 ||| DRINKING 2 viscous amethyst potions.
  8626 | D:11     | 8626 ||| DROPPING potion of brilliance.
  8668 | Lair:1   | Entered Level 1 of the Lair of Beasts
  8762 | Lair:1   | Found a frozen archway.
  8779 | Lair:1   | 8779 ||| Stepping ~*~*~tactically~*~*~ (hiding).
  8901 | Lair:1   | 8901 ||| Stepping ~*~*~tactically~*~*~ (stealth).
  8905 | Lair:1   | 8905 ||| Stepping ~*~*~tactically~*~*~ (stealth).
  8926 | Lair:1   | 8926 ||| Stepping ~*~*~tactically~*~*~ (hiding).
  8966 | Lair:1   | Identified the +1 helmet of Distant Worlds {Will+}
  8999 | Lair:1   | Noticed a boulder beetle
  9000 | Lair:1   | 9000 ||| INVOKING Heroism.
  9001 | Lair:1   | 9001 ||| INVOKING Finesse.
  9014 | Lair:1   | Killed a boulder beetle
  9030 | Lair:1   | Reached skill level 9 in Fighting
  9284 | Lair:1   | 9284 ||| Stepping ~*~*~tactically~*~*~ (stealth).
  9285 | Lair:1   | 9285 ||| Stepping ~*~*~tactically~*~*~ (stealth).
  9495 | Lair:1   | 9495 ||| Stepping ~*~*~tactically~*~*~ (stealth).
  9538 | Lair:1   | 9538 ||| Stepping ~*~*~tactically~*~*~ (stealth).
  9629 | Lair:1   | 9629 ||| Stepping ~*~*~tactically~*~*~ (stealth).
  9632 | Lair:1   | 9632 ||| Stepping ~*~*~tactically~*~*~ (stealth).
  9739 | Lair:1   | 9739 ||| UPGRADING to +1 helmet of Distant Worlds {Will+}.
  9787 | Lair:2   | 9787 ||| INVOKING Heroism.
  9788 | Lair:2   | Found a staircase to the Swamp.
  9861 | Lair:2   | Identified the +4 glaive of Past Mistakes {antimagic, rCorr
                  | Str+2 Int+4 Stlth+}
  9878 | Lair:2   | 9878 ||| INVOKING Heroism.
  9911 | Lair:2   | Reached skill level 12 in Axes
  9911 | Lair:2   | Noticed Gastronok
  9929 | Lair:2   | Killed Gastronok
  9930 | Lair:2   | Reached XP level 13. HP: 52/80 MP: 20/20
 10058 | Lair:2   | Identified the +3 pair of gloves "Mulaxt" {rN+ Int+3}
                  | (Okawaru gifted it to you on level 2 of the Lair of Beasts)
 10058 | Lair:2   | Received a gift from Okawaru
 10059 | Lair:2   | Reached skill level 9 in Armour
 10104 | Lair:2   | 10104 ||| INVOKING Heroism.
 10138 | Lair:2   | Reached skill level 3 in Dodging
 10158 | Lair:2   | Identified the +0 robe of Leapfrog {rElec Str+2 Dex+3}
 10170 | Lair:2   | 10170 ||| INVOKING Heroism.
 10190 | Lair:2   | Found a hole to the Spider Nest.
 10344 | Lair:2   | 10344 ||| READING scroll of enchant armour.
 10344 | Lair:2   | 10344 ||| ENCHANTING +2 plate armour.
 10428 | Lair:2   | 10428 ||| INVOKING Heroism.
 10744 | Lair:2   | 10744 ||| INVOKING Heroism.
 10745 | Lair:2   | 10745 ||| INVOKING Finesse.
 10848 | Lair:2   | 10848 ||| UPGRADING to +3 pair of gloves "Mulaxt" {rN+
                  | Int+3}.
 10858 | Lair:2   | 10858 ||| DROPPING +2 pair of gloves.
 10859 | Lair:2   | 10859 ||| READING scroll labelled JONABL ZANG.
 10911 | Lair:3   | 10911 ||| INVOKING Heroism.
 11004 | Lair:3   | 11004 ||| INVOKING Heroism.
 11129 | Lair:3   | 11129 ||| INVOKING Heroism.
 11134 | Lair:3   | 11134 ||| SWAPPING to +0 morningstar.
 11137 | Lair:3   | 11137 ||| SWAPPING to +2 war axe of protection.
 11579 | Lair:3   | 11579 ||| Stepping ~*~*~tactically~*~*~ (stealth).
 11580 | Lair:3   | 11580 ||| INVOKING Heroism.
 11581 | Lair:3   | 11581 ||| Stepping ~*~*~tactically~*~*~ (stealth).
 11590 | Lair:3   | Reached skill level 13 in Axes
 11661 | Lair:4   | 11661 ||| INVOKING Heroism.
 11663 | Lair:4   | 11663 ||| SWAPPING to +0 morningstar.
 11669 | Lair:4   | 11669 ||| SWAPPING to +2 war axe of protection.
 11965 | Lair:4   | Gained mutation: Your large and strong wings let you fly.
                  | [Gargoyle growth]
 11965 | Lair:4   | Reached XP level 14. HP: 88/88 MP: 21/21
 12054 | Lair:4   | 12054 ||| Stepping ~*~*~tactically~*~*~ (stealth).
 12162 | Lair:4   | Reached skill level 14 in Axes
 12240 | Lair:4   | 12240 ||| Stepping ~*~*~tactically~*~*~ (stealth).
 12241 | Lair:4   | 12241 ||| Stepping ~*~*~tactically~*~*~ (stealth).
 12253 | Lair:4   | Received a gift from Okawaru
 12280 | Lair:4   | 12280 ||| INVOKING Heroism.
 12281 | Lair:4   | 12281 ||| INVOKING Finesse.
 12286 | Lair:4   | 12286 ||| SWAPPING to +0 morningstar.
 12290 | Lair:4   | 12290 ||| SWAPPING to +2 war axe of protection.
 12503 | Lair:4   | Received a gift from Okawaru
 12676 | Lair:4   | 12676 ||| UPGRADING to ring of protection from cold.
 12678 | Lair:4   | 12678 ||| READING scroll labelled ZUGE POULU.
 12679 | Lair:4   | 12679 ||| READING 8 scrolls of identify.
 12679 | Lair:4   | 12679 ||| IDENTIFYING bubbling blue potion
 12680 | Lair:4   | 12680 ||| DROPPING potion of degeneration.
 12700 | Lair:5   | Entered Level 5 of the Lair of Beasts
 12701 | Lair:5   | 12701 ||| INVOKING Heroism.
 12702 | Lair:5   | 12702 ||| SWAPPING to +0 morningstar.
 12703 | Lair:5   | 12703 ||| INVOKING Finesse.
 12720 | Lair:5   | 12720 ||| SWAPPING to +3 war axe of protection.
 12730 | Lair:5   | Received a gift from Okawaru
 12903 | Lair:5   | Reached skill level 12 in Shields
 12931 | Lair:5   | 12931 ||| Stepping ~*~*~tactically~*~*~ (stealth).
 12984 | Lair:5   | 12984 ||| Stepping ~*~*~tactically~*~*~ (stealth).
 13026 | Lair:5   | 13026 ||| INVOKING Heroism.
 13027 | Lair:5   | 13027 ||| INVOKING Finesse.
 13036 | Lair:5   | Received a gift from Okawaru
 13095 | Lair:5   | 13095 ||| DROPPING +0 morningstar.
 13100 | Lair:5   | Found a staircase to the Slime Pits.
 13132 | Lair:5   | Received a gift from Okawaru
 13245 | Lair:5   | 13245 ||| Stepping ~*~*~tactically~*~*~ (stealth).
 13362 | Lair:5   | 13362 ||| INVOKING Heroism.
 13373 | Lair:5   | 13373 ||| SWAPPING to +3 morningstar.
 13376 | Lair:5   | Reached skill level 15 in Axes
 13376 | Lair:5   | 13376 ||| SWAPPING to +3 war axe of protection.
 13398 | Lair:5   | 13398 ||| Stepping ~*~*~tactically~*~*~ (stealth).
 13400 | Lair:5   | 13400 ||| Stepping ~*~*~tactically~*~*~ (hiding).
 13417 | Lair:5   | 13417 ||| Stepping ~*~*~tactically~*~*~ (stealth).
 13422 | Lair:5   | 13422 ||| INVOKING Heroism.
 13433 | Lair:5   | 13433 ||| INVOKING Finesse.
 13735 | Lair:5   | 13735 ||| Stepping ~*~*~tactically~*~*~ (stealth).
 13770 | Lair:5   | 13770 ||| Stepping ~*~*~tactically~*~*~ (stealth).
 13771 | Lair:5   | 13771 ||| INVOKING Heroism.
 13808 | Lair:5   | 13808 ||| INVOKING Heroism.
 13853 | Lair:5   | 13853 ||| Stepping ~*~*~tactically~*~*~ (stealth).
 13857 | Lair:5   | 13857 ||| INVOKING Heroism.
 13861 | Lair:5   | Reached XP level 15. HP: 86/94 MP: 19/22
 13861 | Lair:5   | 13861 ||| INVOKING Finesse.
 13951 | Lair:5   | Reached skill level 6 in Throwing
 13997 | Lair:5   | 13997 ||| PLANNING D
 13997 | Lair:5   | 13997 ||| UPGRADING to amulet of faith.
 14007 | Lair:5   | 14007 ||| READING scroll labelled POATHAEJUEM.
 14207 | D:12     | 14207 ||| Stepping ~*~*~tactically~*~*~ (stealth).
 14209 | D:12     | 14209 ||| Stepping ~*~*~tactically~*~*~ (stealth).
 14212 | D:12     | 14212 ||| Stepping ~*~*~tactically~*~*~ (hiding).
 14217 | D:12     | 14217 ||| Stepping ~*~*~tactically~*~*~ (hiding).
 14218 | D:12     | 14218 ||| Stepping ~*~*~tactically~*~*~ (hiding).
 14218 | D:12     | Noticed Lodul
 14228 | D:12     | 14228 ||| INVOKING Heroism.
 14231 | D:12     | Killed Lodul
 14287 | D:12     | 14287 ||| Stepping ~*~*~tactically~*~*~ (stealth).
 14563 | D:12     | 14563 ||| Stepping ~*~*~tactically~*~*~ (stealth).
 14576 | D:12     | Reached skill level 12 in Fighting
 14702 | D:12     | 14702 ||| Stepping ~*~*~tactically~*~*~ (stealth).
 14703 | D:12     | 14703 ||| Stepping ~*~*~tactically~*~*~ (stealth).
 14704 | D:12     | 14704 ||| Stepping ~*~*~tactically~*~*~ (stealth).
 14705 | D:12     | 14705 ||| Stepping ~*~*~tactically~*~*~ (stealth).
 14765 | D:12     | 14765 ||| INVOKING Heroism.
 14767 | D:12     | 14767 ||| READING 6 scrolls of teleportation.
 14849 | D:12     | 14849 ||| Stepping ~*~*~tactically~*~*~ (stealth).
 14850 | D:12     | 14850 ||| Stepping ~*~*~tactically~*~*~ (stealth).
 14854 | D:12     | 14854 ||| Stepping ~*~*~tactically~*~*~ (stealth).
 14916 | D:12     | Noticed Psyche
 14923 | D:12     | Killed Psyche
 14972 | D:12     | Noticed Sonja
 14973 | D:12     | 14973 ||| Stepping ~*~*~tactically~*~*~ (hiding).
 14974 | D:12     | 14974 ||| Stepping ~*~*~tactically~*~*~ (hiding).
 14978 | D:12     | 14978 ||| Stepping ~*~*~tactically~*~*~ (hiding).
 14981 | D:12     | 14981 ||| INVOKING Heroism.
 14981 | D:12     | Killed Sonja
 15090 | D:12     | 15090 ||| READING scroll of brand weapon.
 15090 | D:12     | 15090 ||| BRANDING +3 war axe of protection.
 15288 | D:12     | 15288 ||| READING 8 scrolls of identify.
 15288 | D:12     | 15288 ||| IDENTIFYING puce potion
 15336 | D:13     | 15336 ||| STAIRDANCE
 15369 | D:13     | 15369 ||| Stepping ~*~*~tactically~*~*~ (stealth).
 15396 | D:13     | 15396 ||| Stepping ~*~*~tactically~*~*~ (stealth).
 15398 | D:13     | 15398 ||| INVOKING Heroism.
 15405 | D:13     | Received a gift from Okawaru
 15456 | D:13     | 15456 ||| FLEEEEING.
 15466 | D:13     | 15466 ||| STAIRDANCE
 15559 | D:13     | 15559 ||| INVOKING Heroism.
 15715 | D:13     | Found a gate to the Vaults.
 16210 | D:13     | Noticed Snorg
 16214 | D:13     | 16214 ||| INVOKING Heroism.
 16222 | D:13     | Killed Snorg
 16488 | D:13     | 16488 ||| Stepping ~*~*~tactically~*~*~ (stealth).
 16508 | D:13     | 16508 ||| UPGRADING to +4 ring of slaying {mikee}.
 16691 | D:14     | 16691 ||| Stepping ~*~*~tactically~*~*~ (hiding).
 16702 | D:14     | 16702 ||| Stepping ~*~*~tactically~*~*~ (stealth).
 16714 | D:14     | Received a gift from Okawaru
 16953 | D:14     | 16953 ||| Stepping ~*~*~tactically~*~*~ (hiding).
 16995 | D:14     | 16995 ||| INVOKING Heroism.
 17017 | D:14     | HP: 23/96 [skeletal warrior/+0 glaive (6)]
 17018 | D:14     | 17018 ||| READING 6 scrolls of teleportation.
 17019 | D:14     | 17019 ||| DRINKING 2 potions of heal wounds.
 17034 | D:14     | Reached skill level 16 in Axes
 17196 | D:14     | 17196 ||| Stepping ~*~*~tactically~*~*~ (hiding).
 17268 | D:14     | 17268 ||| Stepping ~*~*~tactically~*~*~ (hiding).
 17402 | D:14     | 17402 ||| Stepping ~*~*~tactically~*~*~ (hiding).
 17408 | D:14     | 17408 ||| INVOKING Heroism.
 17755 | D:14     | 17755 ||| Stepping ~*~*~tactically~*~*~ (hiding).
 18019 | D:15     | Entered Level 15 of the Dungeon
 18051 | D:15     | 18051 ||| Stepping ~*~*~tactically~*~*~ (hiding).
 18119 | D:15     | 18119 ||| Stepping ~*~*~tactically~*~*~ (hiding).
 18227 | D:15     | 18227 ||| Stepping ~*~*~tactically~*~*~ (stealth).
 18229 | D:15     | 18229 ||| Stepping ~*~*~tactically~*~*~ (stealth).
 18236 | D:15     | 18236 ||| INVOKING Heroism.
 18297 | D:15     | Found an opulent altar of Gozag.
 18301 | D:15     | Found Gozag's Platinum Reserve.
 18309 | D:15     | 18309 ||| SHOPLISTING ring "Lyehuacw" {rF+ Stlth+} (3480
                  | gold, have 1564).
 18309 | D:15     | 18309 ||| SHOPLISTING ring "Wufew" {rF+ rC+ Will+ Dex+4}
                  | (5300 gold, have 1564).
 18509 | D:15     | 18509 ||| READING scroll of enchant armour.
 18509 | D:15     | 18509 ||| ENCHANTING +3 plate armour.
 18546 | D:15     | 18546 ||| INVOKING Heroism.
 18550 | D:15     | 18550 ||| INVOKING Finesse.
 18553 | D:15     | 18553 ||| SWAPPING to +3 morningstar.
 18558 | D:15     | 18558 ||| SWAPPING to +3 war axe of freezing.
 18690 | D:15     | Found a staircase to the Depths.
 18748 | D:15     | 18748 ||| INVOKING Heroism.
 18929 | D:15     | Found Votypno's Antique Armour Shop.
 18999 | D:15     | 18999 ||| BUYING pair of embroidered boots (187 gold).
 18999 | D:15     | Bought a pair of embroidered boots for 187 gold pieces
 18999 | D:15     | 18999 ||| BUYING runed scarf (200 gold).
 18999 | D:15     | Bought a runed scarf for 200 gold pieces
 19075 | D:15     | 19075 ||| Stepping ~*~*~tactically~*~*~ (hiding).
 19076 | D:15     | 19076 ||| Stepping ~*~*~tactically~*~*~ (hiding).
 19077 | D:15     | 19077 ||| Stepping ~*~*~tactically~*~*~ (hiding).
 19079 | D:15     | 19079 ||| Stepping ~*~*~tactically~*~*~ (hiding).
 19214 | D:15     | 19214 ||| Stepping ~*~*~tactically~*~*~ (stealth).
 19408 | D:15     | 19408 ||| PLANNING ORC
 19408 | D:15     | 19408 ||| UPGRADING to +1 pair of boots of rampaging.
 19413 | D:15     | 19413 ||| DROPPING +0 cloak of preservation.
 19414 | D:15     | 19414 ||| DROPPING scarf of invisibility.
 19581 | Orc:1    | Entered Level 1 of the Orcish Mines
 19587 | Orc:1    | Identified the +0 chain mail of the Flute {rF++ Will-}
                  | (Okawaru gifted it to you on level 1 of the Orcish Mines)
 19587 | Orc:1    | Received a gift from Okawaru
 19604 | Orc:1    | Reached skill level 12 in Armour
 19616 | Orc:1    | 19616 ||| Stepping ~*~*~tactically~*~*~ (stealth).
 19617 | Orc:1    | 19617 ||| Stepping ~*~*~tactically~*~*~ (stealth).
 19976 | Orc:2    | Entered Level 2 of the Orcish Mines
 19978 | Orc:2    | 19978 ||| Stepping ~*~*~tactically~*~*~ (hiding).
 19979 | Orc:2    | 19979 ||| Stepping ~*~*~tactically~*~*~ (hiding).
 19981 | Orc:2    | 19981 ||| Stepping ~*~*~tactically~*~*~ (hiding).
 19992 | Orc:2    | 19992 ||| Stepping ~*~*~tactically~*~*~ (hiding).
 19993 | Orc:2    | 19993 ||| Stepping ~*~*~tactically~*~*~ (hiding).
 19996 | Orc:2    | 19996 ||| INVOKING Heroism.
 20016 | Orc:2    | Reached XP level 16. HP: 67/101 MP: 23/23
 20032 | Orc:2    | HP: 21/103 [orc warrior/bolt (5)]
 20033 | Orc:2    | 20033 ||| READING 5 scrolls of teleportation.
 20034 | Orc:2    | 20034 ||| DRINKING potion of heal wounds.
 20036 | Orc:2    | Found Icweffai's Jewellery Emporium.
 20036 | Orc:2    | Found Ylat Rie's General Store.
 20036 | Orc:2    | Found Ifearaz's Antique Armour Shop.
 20036 | Orc:2    | Found Odol's Magic Scroll Boutique.
 20042 | Orc:2    | 20042 ||| INVOKING Heroism.
 20048 | Orc:2    | HP: 23/103 [orc warrior/+0 battleaxe (23)]
 20049 | Orc:2    | 20049 ||| READING 4 scrolls of teleportation.
 20053 | Orc:2    | Found a staircase to the Elven Halls.
 20084 | Orc:2    | 20084 ||| INVOKING Heroism.
 20101 | Orc:2    | 20101 ||| Stepping ~*~*~tactically~*~*~ (hiding).
 20102 | Orc:2    | 20102 ||| Stepping ~*~*~tactically~*~*~ (hiding).
 20103 | Orc:2    | 20103 ||| INVOKING Heroism.
 20233 | Orc:2    | 20233 ||| INVOKING Heroism.
 20353 | Orc:2    | 20353 ||| SWAPPING to +0 broad axe.
 20354 | Orc:2    | 20354 ||| DROPPING +3 war axe of freezing.
 20359 | Orc:2    | 20359 ||| Stepping ~*~*~tactically~*~*~ (hiding).
 20362 | Orc:2    | 20362 ||| Stepping ~*~*~tactically~*~*~ (hiding).
 20495 | Orc:2    | Noticed Rupert
 20496 | Orc:2    | 20496 ||| INVOKING Heroism.
 20497 | Orc:2    | 20497 ||| INVOKING Finesse.
 20510 | Orc:2    | Killed Rupert
 20522 | Orc:2    | 20522 ||| Stepping ~*~*~tactically~*~*~ (stealth).
 20615 | Orc:2    | 20615 ||| Stepping ~*~*~tactically~*~*~ (stealth).
 20626 | Orc:2    | 20626 ||| DROPPING +3 morningstar.
 20708 | Orc:2    | 20708 ||| INVOKING Heroism.
 20783 | Orc:2    | 20783 ||| BUYING +4 ring of protection (576 gold).
 20783 | Orc:2    | Bought a +4 ring of protection for 576 gold pieces
 20783 | Orc:2    | 20783 ||| BUYING amulet of reflection (480 gold).
 20783 | Orc:2    | Bought an amulet of reflection for 480 gold pieces
 20783 | Orc:2    | 20783 ||| BUYING ring of protection from cold (400 gold).
 20783 | Orc:2    | Bought a ring of protection from cold for 400 gold pieces
 20783 | Orc:2    | 20783 ||| SHOPLISTING ring of the Doge {Ice Drain rPois
                  | Str+10} (825 gold, have 598).
 20785 | Orc:2    | 20785 ||| BUYING potion of mutation (96 gold).
 20785 | Orc:2    | Bought a potion of mutation for 96 gold pieces
 20790 | Orc:2    | 20790 ||| BUYING scroll of teleportation (36 gold).
 20790 | Orc:2    | Bought a scroll of teleportation for 36 gold pieces
 20790 | Orc:2    | 20790 ||| BUYING scroll of teleportation (36 gold).
 20790 | Orc:2    | Bought a scroll of teleportation for 36 gold pieces
 20821 | Orc:2    | Noticed Donald
 20822 | Orc:2    | 20822 ||| INVOKING Heroism.
 20832 | Orc:2    | Killed Donald
 20985 | Orc:2    | 20985 ||| PLANNING SWAMP:1-3
 20985 | Orc:2    | 20985 ||| DROPPING amulet of regeneration.
 20986 | Orc:2    | 20986 ||| DROPPING ring of ice.
 20987 | Orc:2    | 20987 ||| UPGRADING to +4 ring of protection.
 21128 | Swamp:1  | Entered Level 1 of the Swamp
 21129 | Swamp:1  | 21129 ||| INVOKING Heroism.
 21130 | Swamp:1  | 21130 ||| SWAPPING to +0 hand axe of flaming.
 21136 | Swamp:1  | 21136 ||| SWAPPING to +0 broad axe.
 21225 | Swamp:1  | 21225 ||| INVOKING Heroism.
 21229 | Swamp:1  | 21229 ||| SWAPPING to +0 hand axe of flaming.
 21232 | Swamp:1  | 21232 ||| SWAPPING to +0 broad axe.
 21272 | Swamp:1  | 21272 ||| SWAPPING to +0 hand axe of flaming.
 21273 | Swamp:1  | 21273 ||| SWAPPING to +0 broad axe.
 21316 | Swamp:1  | 21316 ||| INVOKING Heroism.
 21335 | Swamp:1  | Received a gift from Okawaru
 21392 | Swamp:1  | 21392 ||| INVOKING Heroism.
 21408 | Swamp:1  | 21408 ||| Stepping ~*~*~tactically~*~*~ (stealth).
 21409 | Swamp:1  | 21409 ||| Stepping ~*~*~tactically~*~*~ (stealth).
 21453 | Swamp:1  | Identified the +10 dagger of the Distant Future {freeze,
                  | *Corrode Will++ Dex+2 SInv}
 21461 | Swamp:1  | 21461 ||| Stepping ~*~*~tactically~*~*~ (cloud).
 21463 | Swamp:1  | 21463 ||| INVOKING Heroism.
 21645 | Swamp:1  | You are sucked into a shaft and drop 1 floor!
 21646 | Swamp:2  | 21646 ||| INVOKING Heroism.
 21647 | Swamp:2  | Identified Roxanne's Compilation of Mud
 21647 | Swamp:2  | Noticed Roxanne
 21684 | Swamp:2  | Killed Roxanne
 21751 | Swamp:2  | 21751 ||| Stepping ~*~*~tactically~*~*~ (stealth).
 21752 | Swamp:2  | 21752 ||| Stepping ~*~*~tactically~*~*~ (stealth).
 21753 | Swamp:2  | 21753 ||| Stepping ~*~*~tactically~*~*~ (stealth).
 21754 | Swamp:2  | 21754 ||| Stepping ~*~*~tactically~*~*~ (stealth).
 21755 | Swamp:2  | 21755 ||| Stepping ~*~*~tactically~*~*~ (stealth).
 21760 | Swamp:2  | 21760 ||| INVOKING Heroism.
 22023 | Swamp:1  | Reached skill level 17 in Axes
 22217 | Swamp:1  | 22217 ||| INVOKING Heroism.
 22362 | Swamp:1  | 22362 ||| INVOKING Heroism.
 22383 | Swamp:1  | 22383 ||| Stepping ~*~*~tactically~*~*~ (hiding).
 22513 | Swamp:1  | 22513 ||| Stepping ~*~*~tactically~*~*~ (hiding).
 22514 | Swamp:1  | 22514 ||| Stepping ~*~*~tactically~*~*~ (hiding).
 22515 | Swamp:1  | 22515 ||| Stepping ~*~*~tactically~*~*~ (hiding).
 22516 | Swamp:1  | 22516 ||| Stepping ~*~*~tactically~*~*~ (hiding).
 22517 | Swamp:1  | 22517 ||| Stepping ~*~*~tactically~*~*~ (hiding).
 22672 | Swamp:2  | 22672 ||| READING scroll of enchant armour.
 22672 | Swamp:2  | 22672 ||| ENCHANTING +1 pair of boots of rampaging.
 22712 | Swamp:2  | 22712 ||| Stepping ~*~*~tactically~*~*~ (hiding).
 22768 | Swamp:2  | 22768 ||| Stepping ~*~*~tactically~*~*~ (stealth).
 22842 | Swamp:2  | 22842 ||| INVOKING Heroism.
 22893 | Swamp:2  | 22893 ||| Stepping ~*~*~tactically~*~*~ (stealth).
 22895 | Swamp:2  | 22895 ||| Stepping ~*~*~tactically~*~*~ (stealth).
 22898 | Swamp:2  | 22898 ||| FLEEEEING.
 22899 | Swamp:2  | 22899 ||| FLEEEEING.
 22900 | Swamp:2  | 22900 ||| FLEEEEING.
 22901 | Swamp:2  | 22901 ||| FLEEEEING.
 22902 | Swamp:2  | 22902 ||| FLEEEEING.
 22903 | Swamp:2  | 22903 ||| FLEEEEING.
 22904 | Swamp:2  | 22904 ||| INVOKING Heroism.
 22961 | Swamp:2  | 22961 ||| INVOKING Heroism.
 22986 | Swamp:2  | 22986 ||| SWAPPING to +0 hand axe of flaming.
 22988 | Swamp:2  | 22988 ||| SWAPPING to +0 broad axe.
 22990 | Swamp:2  | 22990 ||| INVOKING Heroism.
 23208 | Swamp:2  | 23208 ||| READING scroll of brand weapon.
 23208 | Swamp:2  | 23208 ||| BRANDING +0 broad axe.
 23236 | Swamp:2  | 23236 ||| INVOKING Heroism.
 23275 | Swamp:2  | 23275 ||| SWAPPING to +0 hand axe of flaming.
 23280 | Swamp:2  | 23280 ||| SWAPPING to +0 broad axe of electrocution.
 23298 | Swamp:2  | 23298 ||| Stepping ~*~*~tactically~*~*~ (stealth).
 23328 | Swamp:2  | 23328 ||| Stepping ~*~*~tactically~*~*~ (stealth).
 23389 | Swamp:2  | 23389 ||| Stepping ~*~*~tactically~*~*~ (stealth).
 23390 | Swamp:2  | 23390 ||| Stepping ~*~*~tactically~*~*~ (stealth).
 23392 | Swamp:2  | 23392 ||| Stepping ~*~*~tactically~*~*~ (hiding).
 23394 | Swamp:2  | 23394 ||| INVOKING Heroism.
 23425 | Swamp:2  | 23425 ||| Stepping ~*~*~tactically~*~*~ (hiding).
 23611 | Swamp:2  | 23611 ||| Stepping ~*~*~tactically~*~*~ (stealth).
 23613 | Swamp:2  | 23613 ||| Stepping ~*~*~tactically~*~*~ (hiding).
 23619 | Swamp:2  | Received a gift from Okawaru
 23784 | Swamp:2  | Noticed a fenstrider witch
 23785 | Swamp:2  | 23785 ||| INVOKING Heroism.
 23791 | Swamp:2  | Killed a fenstrider witch
 23794 | Swamp:2  | Noticed a tentacled monstrosity
 23810 | Swamp:2  | Killed a tentacled monstrosity
 23811 | Swamp:2  | Reached XP level 17. HP: 74/108 MP: 24/24
 23946 | Swamp:2  | 23946 ||| INVOKING Heroism.
 23951 | Swamp:2  | Reached skill level 18 in Axes
 23960 | Swamp:2  | 23960 ||| SWAPPING to +0 hand axe of flaming.
 23965 | Swamp:2  | 23965 ||| SWAPPING to +0 broad axe of electrocution.
 24258 | Swamp:3  | 24258 ||| INVOKING Heroism.
 24259 | Swamp:3  | 24259 ||| INVOKING Finesse.
 24313 | Swamp:3  | 24313 ||| Stepping ~*~*~tactically~*~*~ (hiding).
 24372 | Swamp:3  | 24372 ||| Stepping ~*~*~tactically~*~*~ (hiding).
 24373 | Swamp:3  | 24373 ||| Stepping ~*~*~tactically~*~*~ (hiding).
 24375 | Swamp:3  | 24375 ||| Stepping ~*~*~tactically~*~*~ (hiding).
 24376 | Swamp:3  | 24376 ||| INVOKING Heroism.
 24447 | Swamp:3  | 24447 ||| FLEEEEING.
 24448 | Swamp:3  | 24448 ||| INVOKING Heroism.
 24453 | Swamp:3  | 24453 ||| SWAPPING to +0 hand axe of flaming.
 24458 | Swamp:3  | 24458 ||| SWAPPING to +0 broad axe of electrocution.
 24464 | Swamp:3  | 24464 ||| Stepping ~*~*~tactically~*~*~ (hiding).
 24484 | Swamp:3  | Received a gift from Okawaru
 24738 | Swamp:3  | 24738 ||| FLEEEEING.
 24739 | Swamp:3  | 24739 ||| FLEEEEING.
 24745 | Swamp:3  | 24745 ||| FLEEEEING.
 24746 | Swamp:3  | 24746 ||| FLEEEEING.
 24758 | Swamp:3  | 24758 ||| FLEEEEING.
 24759 | Swamp:3  | 24759 ||| FLEEEEING.
 24760 | Swamp:3  | 24760 ||| FLEEEEING.
 24763 | Swamp:3  | 24763 ||| FLEEEEING.
 24764 | Swamp:3  | 24764 ||| FLEEEEING.
 24765 | Swamp:3  | 24765 ||| FLEEEEING.
 24766 | Swamp:3  | 24766 ||| FLEEEEING.
 24767 | Swamp:3  | 24767 ||| FLEEEEING.
 25030 | Swamp:3  | 25030 ||| PLANNING SPIDER:1-3
 25167 | Spider:1 | Entered Level 1 of the Spider Nest
 25217 | Spider:1 | 25217 ||| Stepping ~*~*~tactically~*~*~ (stealth).
 25231 | Spider:1 | 25231 ||| FLEEEEING.
 25232 | Spider:1 | 25232 ||| FLEEEEING.
 25238 | Spider:1 | 25238 ||| FLEEEEING.
 25239 | Spider:1 | 25239 ||| FLEEEEING.
 25240 | Spider:1 | 25240 ||| FLEEEEING.
 25241 | Spider:1 | 25241 ||| FLEEEEING.
 25242 | Spider:1 | 25242 ||| FLEEEEING.
 25243 | Spider:1 | 25243 ||| FLEEEEING.
 25244 | Spider:1 | 25244 ||| FLEEEEING.
 25245 | Spider:1 | 25245 ||| FLEEEEING.
 25246 | Spider:1 | 25246 ||| FLEEEEING.
 25247 | Spider:1 | 25247 ||| FLEEEEING.
 25249 | Spider:1 | 25249 ||| FLEEEEING.
 25250 | Spider:1 | 25250 ||| FLEEEEING.
 25251 | Spider:1 | 25251 ||| FLEEEEING.
 25252 | Spider:1 | 25252 ||| FLEEEEING.
 25253 | Spider:1 | 25253 ||| FLEEEEING.
 25254 | Spider:1 | 25254 ||| FLEEEEING.
 25255 | Spider:1 | 25255 ||| FLEEEEING.
 25276 | Spider:1 | 25276 ||| DRINKING 12 potions of curing.
 25276 | Spider:1 | 25276 ||| (to cure confusion)
 25500 | Spider:1 | 25500 ||| Stepping ~*~*~tactically~*~*~ (stealth).
 25691 | Spider:1 | Identified the ring "Xaokh" {*Corrode rElec rF- Str+6
                  | Int+4}
 25726 | Spider:1 | 25726 ||| INVOKING Finesse.
 25729 | Spider:1 | 25729 ||| INVOKING Finesse.
 25748 | Spider:1 | Noticed Frances
 25749 | Spider:1 | 25749 ||| Stepping ~*~*~tactically~*~*~ (hiding).
 25753 | Spider:1 | 25753 ||| Stepping ~*~*~tactically~*~*~ (hiding).
 25754 | Spider:1 | 25754 ||| INVOKING Heroism.
 25771 | Spider:1 | Killed Frances
 25805 | Spider:1 | 25805 ||| INVOKING Heroism.
 25814 | Spider:1 | 25814 ||| INVOKING Finesse.
 25889 | Spider:1 | Identified the +3 scale mail "Ruefull" {Drain rN++ Str+3
                  | Dex+2}
 25970 | Spider:1 | 25970 ||| Stepping ~*~*~tactically~*~*~ (stealth).
 25979 | Spider:1 | 25979 ||| Stepping ~*~*~tactically~*~*~ (stealth).
 25991 | Spider:1 | 25991 ||| Stepping ~*~*~tactically~*~*~ (stealth).
 25994 | Spider:1 | 25994 ||| INVOKING Finesse.
 26000 | Spider:1 | 26000 ||| INVOKING Heroism.
 26027 | Spider:1 | 26027 ||| DROPPING ring "Xaokh" {*Corrode rElec rF- Str+6
                  | Int+4}.
 26692 | Spider:2 | 26692 ||| INVOKING Finesse.
 26699 | Spider:2 | Received a gift from Okawaru
 26731 | Spider:2 | 26731 ||| Stepping ~*~*~tactically~*~*~ (hiding).
 26755 | Spider:2 | 26755 ||| Stepping ~*~*~tactically~*~*~ (stealth).
 26766 | Spider:2 | 26766 ||| Stepping ~*~*~tactically~*~*~ (hiding).
 26777 | Spider:2 | 26777 ||| INVOKING Heroism.
 26791 | Spider:2 | 26791 ||| Stepping ~*~*~tactically~*~*~ (stealth).
 26794 | Spider:2 | 26794 ||| Stepping ~*~*~tactically~*~*~ (stealth).
 26797 | Spider:2 | 26797 ||| Stepping ~*~*~tactically~*~*~ (stealth).
 26826 | Spider:2 | 26826 ||| Stepping ~*~*~tactically~*~*~ (stealth).
 26897 | Spider:2 | 26897 ||| Stepping ~*~*~tactically~*~*~ (hiding).
 26899 | Spider:2 | 26899 ||| Stepping ~*~*~tactically~*~*~ (hiding).
 26907 | Spider:2 | 26907 ||| INVOKING Heroism.
 26918 | Spider:2 | 26918 ||| Stepping ~*~*~tactically~*~*~ (stealth).
 26938 | Spider:2 | 26938 ||| Stepping ~*~*~tactically~*~*~ (stealth).
 27007 | Spider:2 | 27007 ||| Stepping ~*~*~tactically~*~*~ (stealth).
 27019 | Spider:2 | 27019 ||| INVOKING Heroism.
 27042 | Spider:2 | 27042 ||| Stepping ~*~*~tactically~*~*~ (hiding).
 27068 | Spider:2 | 27068 ||| INVOKING Heroism.
 27078 | Spider:2 | Reached skill level 15 in Fighting
 27085 | Spider:2 | HP: 26/113 [wolf spider simulacrum (20)]
 27086 | Spider:2 | 27086 ||| READING 5 scrolls of teleportation.
 27087 | Spider:2 | 27087 ||| DRINKING potion of heal wounds.
 27271 | Spider:2 | 27271 ||| INVOKING Finesse.
 27284 | Spider:2 | 27284 ||| Stepping ~*~*~tactically~*~*~ (stealth).
 27368 | Spider:2 | 27368 ||| INVOKING Finesse.
 27370 | Spider:2 | 27370 ||| Stepping ~*~*~tactically~*~*~ (hiding).
 27799 | Spider:3 | 27799 ||| FLEEEEING.
 27800 | Spider:3 | 27800 ||| FLEEEEING.
 27803 | Spider:3 | 27803 ||| FLEEEEING.
 27804 | Spider:3 | 27804 ||| FLEEEEING.
 27805 | Spider:3 | 27805 ||| FLEEEEING.
 27806 | Spider:3 | 27806 ||| FLEEEEING.
 27807 | Spider:3 | 27807 ||| FLEEEEING.
 27808 | Spider:3 | 27808 ||| STAIRDANCE
 27812 | Spider:3 | 27812 ||| STAIRDANCE
 27876 | Spider:3 | Received a gift from Okawaru
 27958 | Spider:3 | 27958 ||| Stepping ~*~*~tactically~*~*~ (stealth).
 27959 | Spider:3 | 27959 ||| Stepping ~*~*~tactically~*~*~ (stealth).
 27963 | Spider:3 | 27963 ||| Stepping ~*~*~tactically~*~*~ (hiding).
 28227 | Spider:3 | Reached XP level 18. HP: 119/119 MP: 25/25
 28227 | Spider:3 | 28227 ||| DROPPING +0 hand axe of flaming.
 28404 | Spider:3 | 28404 ||| Stepping ~*~*~tactically~*~*~ (stealth).
 28485 | Spider:3 | 28485 ||| Stepping ~*~*~tactically~*~*~ (stealth).
 28488 | Spider:3 | 28488 ||| Stepping ~*~*~tactically~*~*~ (stealth).
 28494 | Spider:3 | 28494 ||| Stepping ~*~*~tactically~*~*~ (stealth).
 28495 | Spider:3 | 28495 ||| Stepping ~*~*~tactically~*~*~ (stealth).
 28513 | Spider:3 | 28513 ||| Stepping ~*~*~tactically~*~*~ (stealth).
 28567 | Spider:3 | 28567 ||| Stepping ~*~*~tactically~*~*~ (stealth).
 28569 | Spider:3 | 28569 ||| FLEEEEING.
 28600 | Spider:3 | 28600 ||| INVOKING Heroism.
 28605 | Spider:3 | Received a gift from Okawaru
 28759 | Spider:3 | 28759 ||| INVOKING Heroism.
 28760 | Spider:3 | 28760 ||| INVOKING Finesse.
 28954 | Spider:3 | 28954 ||| PLANNING SWAMP:4
 28954 | Spider:3 | 28954 ||| DROPPING +6 ring of strength.
 29256 | Swamp:4  | Entered Level 4 of the Swamp
 29265 | Swamp:4  | Reached skill level 15 in Armour
 29373 | Swamp:4  | Received a gift from Okawaru
 29391 | Swamp:4  | Noticed Louise
 29392 | Swamp:4  | 29392 ||| INVOKING Heroism.
 29393 | Swamp:4  | 29393 ||| INVOKING Finesse.
 29414 | Swamp:4  | Killed Louise
 29455 | Swamp:4  | Noticed Bai Suzhen
 29456 | Swamp:4  | 29456 ||| INVOKING Heroism.
 29464 | Swamp:4  | Received a gift from Okawaru
 29465 | Swamp:4  | Reached skill level 15 in Shields
 29482 | Swamp:4  | Killed Bai Suzhen
 29762 | Swamp:4  | 29762 ||| Stepping ~*~*~tactically~*~*~ (stealth).
 29763 | Swamp:4  | 29763 ||| Stepping ~*~*~tactically~*~*~ (stealth).
 29766 | Swamp:4  | 29766 ||| Stepping ~*~*~tactically~*~*~ (stealth).
 29768 | Swamp:4  | 29768 ||| INVOKING Heroism.
 29788 | Swamp:4  | 29788 ||| Stepping ~*~*~tactically~*~*~ (hiding).
 29821 | Swamp:4  | 29821 ||| Stepping ~*~*~tactically~*~*~ (stealth).
 29825 | Swamp:4  | 29825 ||| Stepping ~*~*~tactically~*~*~ (stealth).
 29826 | Swamp:4  | 29826 ||| Stepping ~*~*~tactically~*~*~ (stealth).
 29827 | Swamp:4  | 29827 ||| Stepping ~*~*~tactically~*~*~ (stealth).
 29832 | Swamp:4  | 29832 ||| INVOKING Heroism.
 29879 | Swamp:4  | 29879 ||| INVOKING Heroism.
 29893 | Swamp:4  | Received a gift from Okawaru
 29895 | Swamp:4  | 29895 ||| Stepping ~*~*~tactically~*~*~ (hiding).
 29902 | Swamp:4  | 29902 ||| Stepping ~*~*~tactically~*~*~ (stealth).
 29918 | Swamp:4  | 29918 ||| INVOKING Heroism.
 29951 | Swamp:4  | 29951 ||| Stepping ~*~*~tactically~*~*~ (hiding).
 29952 | Swamp:4  | 29952 ||| Stepping ~*~*~tactically~*~*~ (stealth).
 29967 | Swamp:4  | 29967 ||| Stepping ~*~*~tactically~*~*~ (stealth).
 29996 | Swamp:4  | 29996 ||| FLEEEEING.
 29997 | Swamp:4  | 29997 ||| FLEEEEING.
 29998 | Swamp:4  | 29998 ||| FLEEEEING.
 29999 | Swamp:4  | 29999 ||| FLEEEEING.
 30000 | Swamp:4  | 30000 ||| FLEEEEING.
 30001 | Swamp:4  | 30001 ||| FLEEEEING.
 30002 | Swamp:4  | 30002 ||| FLEEEEING.
 30003 | Swamp:4  | 30003 ||| FLEEEEING.
 30004 | Swamp:4  | 30004 ||| FLEEEEING.
 30005 | Swamp:4  | 30005 ||| FLEEEEING.
 30006 | Swamp:4  | 30006 ||| FLEEEEING.
 30007 | Swamp:4  | 30007 ||| FLEEEEING.
 30008 | Swamp:4  | 30008 ||| FLEEEEING.
 30009 | Swamp:4  | 30009 ||| FLEEEEING.
 30010 | Swamp:4  | 30010 ||| FLEEEEING.
 30011 | Swamp:4  | 30011 ||| FLEEEEING.
 30012 | Swamp:4  | 30012 ||| FLEEEEING.
 30013 | Swamp:4  | 30013 ||| FLEEEEING.
 30015 | Swamp:4  | 30015 ||| FLEEEEING.
 30016 | Swamp:4  | 30016 ||| FLEEEEING.
 30017 | Swamp:4  | 30017 ||| FLEEEEING.
 30018 | Swamp:4  | 30018 ||| INVOKING Heroism.
 30078 | Swamp:4  | 30078 ||| Stepping ~*~*~tactically~*~*~ (hiding).
 30094 | Swamp:4  | 30094 ||| Stepping ~*~*~tactically~*~*~ (stealth).
 30095 | Swamp:4  | 30095 ||| Stepping ~*~*~tactically~*~*~ (stealth).
 30132 | Swamp:4  | 30132 ||| FLEEEEING.
 30134 | Swamp:4  | 30134 ||| FLEEEEING.
 30135 | Swamp:4  | 30135 ||| FLEEEEING.
 30136 | Swamp:4  | 30136 ||| FLEEEEING.
 30137 | Swamp:4  | 30137 ||| INVOKING Heroism.
 30204 | Swamp:4  | Got a decaying rune of Zot
 30211 | Swamp:4  | 30211 ||| INVOKING Heroism.
 30220 | Swamp:4  | 30220 ||| Stepping ~*~*~tactically~*~*~ (stealth).
 30230 | Swamp:4  | 30230 ||| Stepping ~*~*~tactically~*~*~ (stealth).
 30236 | Swamp:4  | 30236 ||| Stepping ~*~*~tactically~*~*~ (stealth).
 30260 | Swamp:4  | 30260 ||| Stepping ~*~*~tactically~*~*~ (hiding).
 30261 | Swamp:4  | 30261 ||| INVOKING Heroism.
 30272 | Swamp:4  | Reached skill level 9 in Throwing
 30344 | Swamp:4  | 30344 ||| PLANNING VAULTS:1-4
 30344 | Swamp:4  | 30344 ||| UPGRADING to +0 tower shield.
 30354 | Swamp:4  | 30354 ||| DROPPING +0 kite shield.
 30355 | Swamp:4  | 30355 ||| READING scroll labelled COCZOL WELE.
 30355 | Swamp:4  | Identified a scroll of acquirement
 30355 | Swamp:4  | 30355 ||| ACQUIRING +1 pair of boots "Yheeret" {+Inv
                  | Will++}
 30355 | Swamp:4  | Acquired the +1 pair of boots "Yheeret" {+Inv Will++}
 30357 | Swamp:4  | 30357 ||| UPGRADING to +1 pair of boots "Yheeret" {+Inv
                  | Will++}.
 30367 | Swamp:4  | 30367 ||| READING scroll labelled DAFOMU DOPT.
 30395 | Swamp:4  | 30395 ||| INVOKING Heroism.
 30580 | Vaults:1 | Entered Level 1 of the Vaults
 30589 | Vaults:1 | Found Voloxof's Assorted Antiques.
 30606 | Vaults:1 | 30606 ||| Stepping ~*~*~tactically~*~*~ (hiding).
 30607 | Vaults:1 | 30607 ||| Stepping ~*~*~tactically~*~*~ (hiding).
 30826 | Vaults:1 | Received a gift from Okawaru
 30858 | Vaults:1 | Received a gift from Okawaru
 31001 | Vaults:1 | 31001 ||| Stepping ~*~*~tactically~*~*~ (hiding).
 31040 | Vaults:1 | Received a gift from Okawaru
 31183 | Vaults:1 | 31183 ||| INVOKING Heroism.
 31184 | Vaults:1 | 31184 ||| INVOKING Finesse.
 31190 | Vaults:1 | Reached XP level 19. HP: 53/124 MP: 18/26
 31638 | Vaults:1 | Received a gift from Okawaru
 31688 | Vaults:1 | Noticed Saint Roka
 31689 | Vaults:1 | 31689 ||| INVOKING Heroism.
 31690 | Vaults:1 | 31690 ||| INVOKING Finesse.
 31708 | Vaults:1 | Killed Saint Roka
 31797 | Vaults:1 | 31797 ||| Stepping ~*~*~tactically~*~*~ (stealth).
 31845 | Vaults:1 | 31845 ||| Stepping ~*~*~tactically~*~*~ (hiding).
 31847 | Vaults:1 | 31847 ||| Stepping ~*~*~tactically~*~*~ (hiding).
 31969 | Vaults:1 | 31969 ||| DROPPING +0 ice dragon scales.
 31970 | Vaults:1 | 31970 ||| UPGRADING to +3 plate armour of cold resistance.
 31979 | Vaults:1 | 31979 ||| UPGRADING to +4 ring mail of Misanthropy {rF+
                  | Will+ rCorr Int+3}.
 31984 | Vaults:1 | 31984 ||| UPGRADING to +2 helmet.
 31994 | Vaults:1 | 31994 ||| UPGRADING to +3 plate armour of cold resistance.
 32004 | Vaults:1 | 32004 ||| UPGRADING to +1 helmet of Distant Worlds {Will+}.
 32027 | Vaults:1 | 32027 ||| INVOKING Heroism.
 32042 | Vaults:1 | HP: 26/124 [sphinx/divine providence (11)]
 32043 | Vaults:1 | 32043 ||| READING 6 scrolls of teleportation.
 32044 | Vaults:1 | 32044 ||| DRINKING 2 potions of heal wounds.
 32232 | Vaults:1 | 32232 ||| Stepping ~*~*~tactically~*~*~ (hiding).
 32233 | Vaults:1 | 32233 ||| Stepping ~*~*~tactically~*~*~ (hiding).
 32237 | Vaults:1 | 32237 ||| Stepping ~*~*~tactically~*~*~ (hiding).
 32407 | Vaults:1 | Noticed a caustic shrike
 32408 | Vaults:1 | 32408 ||| INVOKING Heroism.
 32408 | Vaults:1 | a caustic shrike changed into a shadow dragon
 32409 | Vaults:1 | 32409 ||| Stepping ~*~*~tactically~*~*~ (hiding).
 32424 | Vaults:1 | an iron dragon changed into a caustic shrike
 32424 | Vaults:1 | Noticed a caustic shrike (glowing shapeshifter)
 32428 | Vaults:1 | a caustic shrike changed into a rockslime
 32432 | Vaults:1 | a rockslime changed into a juggernaut
 32432 | Vaults:1 | Noticed a juggernaut (glowing shapeshifter)
 32437 | Vaults:1 | Slain by a juggernaut (glowing shapeshifter)

Levels and vault maps discovered:
D:1:      dpeg_arrival_boxorama, layout_loops_corners,
          shapermc_ecumenical_altar_pompeii, hangedman_decor_opposing
D:2:      layout_basic, basic_altar, minivault_4, uniq_jessica
D:3:      layout_rooms, uniq_robin
D:4:      layout_cave_pools, nzn_wu_jian_contemplation, serial_shops, shop,
          kennysheep_flooded_box
D:5:      layout_rooms, dk_yredelemnul_ordeal,
          mainiacjoe_overflow_concentric_impassable,
          mainiacjoe_overflow_brackets, minmay_temple_entry_trees,
          chequers_serial_rivers_micro_b, hangedman_decor_push,
          eino_small_chamber_without_monster, uniq_edmund
D:6:      layout_loops_ring
D:7:      layout_basic, nicolae_tso_carved_into_rock,
          mainiacjoe_overflow_surrounded_room
D:8:      layout_basic, grunt_temple_overflow_magic_moments,
          trog_ov_bears_minmay, uniq_pikel
D:9:      layout_loops_ring, nicolae_hepliaklqana_monster_ancestors,
          mainiacjoe_overflow_chevrons, kennysheep_orc_monster_closet_entryway,
          uniq_joseph
D:10:     layout_loops_ring, kennysheep_mini_moat,
          mainiacjoe_overflow_tiny_flanked, grunt_decor_clamped
D:11:     layout_long_grid, minmay_lair_entry_grove, uniq_josephine
D:12:     layout_stronghold, uniq_psyche, uniq_lodul, uniq_sonja
D:13:     layout_roguey, david_vaults_4, grunt_ministairs_6,
          kennysheep_generic_room_15, uniq_snorg
D:14:     layout_basic
D:15:     hangedman_depths_entry_try_elsewhere_first, layout_loops_corners,
          serial_shops, shop, nicolae_gozag_zags_fifth_avenue
Temple:   hellmonk_temple_of_storms
Lair:1:   lemuel_ratsnest, layout_chaotic_city,
          portal_ice_cave_entry_ice_simulacra, serial_bayou_shore_b
Lair:2:   layout_cave_pods, minmay_swamp_entry_worms,
          nicolae_spider_entry_lesser_pyramids, uniq_gastronok
Lair:3:   layout_hall_layers
Lair:4:   layout_regular_city, minmay_hedge_maze
Lair:5:   grunt_lair_end_beastmaster, layout_gridlike,
          minmay_slime_entry_pillars, grunt_megastairs_3
Swamp:1:  layout_basic_swamp, evilmike_swamp_ruin_house_1
Swamp:2:  nzn_winding_woodlands_cross [nzn_winding_woodlands_5x15_sawtooth,
          nzn_winding_woodlands_5x15_split_checker,
          nzn_winding_woodlands_5x15_lazy_stream,
          nzn_winding_woodlands_5x15_eye,
          nzn_winding_woodlands_15x15_five_gardens], layout_basic_swamp,
          evilmike_swamp_ruin_house_3, swamp_pool3, water_boxes_lemuel,
          infiniplex_staircase_pool, uniq_roxanne
Swamp:3:  layout_basic_swamp, hangedman_swamp_lotus, swamp_pool5
Swamp:4:  swamp_basic_johnstein, layout_basic_swamp, uniq_bai_suzhen,
          uniq_louise
Spider:1: layout_spider_delve, uniq_frances
Spider:2: layout_spider_delve
Spider:3: layout_spider_delve
Orc:1:    layout_caves
Orc:2:    st_orc_rangers, layout_caves, basic_altar, abandoned_shop,
          uniq_rupert, uniq_donald
Vaults:1: v_misc_30, ontoclasm_vaults_fault, hangedman_vaults_capsules,
          nicolae_vaults_trapezoid_lopsided_3, nicolae_vaults_mini_display_case,
          nicolae_vaults_little_squares_6, vaults_room_grunt_arrival_checkpoint,
          nicolae_vaults_network_square, ontoclasm_vaults_ring_square,
          dpeg_vaults_hating_casters, nicolae_vaults_rhombus_7,
          nicolae_vaults_storage_room_statues, nicolae_vaults_closet_pinwheel_4,
          nicolae_vaults_ring_of_whatevers, layout_vaults_big_room,
          serial_shops, shop, uniq_saint_roka

Skill      XL: |  1  2  3  4  5  6  7  8  9 10 11 12 13 14 15 16 17 18 19 |
---------------+----------------------------------------------------------+-----
Axes           | 2 3 4 5 7 9 11 12 13 15 16 17 18 | 18.0
Fighting       | 4 5 6 7 8 9 10 11 12 13 15 | 15.3
Dodging        | 1 2 3 4 5 |  5.2
Throwing       | 1 2 4 5 6 9 |  9.0
Armour         | 4 5 6 8 10 11 12 13 14 15 | 15.0
Invocations    | 4 5 9 10 | 10.0
Shields        | 4 5 7 10 11 12 13 14 16 17 | 17.8

Action                     |  1- 3 |  4- 6 |  7- 9 | 10-12 | 13-15 | 16-18 | 19-21 || total
---------------------------+-------+-------+-------+-------+-------+-------+-------++-------
  Melee: War axe           |    81 |   107 |   160 |   525 |   840 |    63 |       ||  1776
         Morningstar       |       |       |       |       |    32 |       |       ||    32
         Broad axe         |       |       |       |       |       |  1066 |   140 ||  1206
         Hand axe          |       |       |       |       |       |    20 |       ||    20
  Throw: Boomerang         |    43 |    52 |    66 |    53 |    90 |   136 |       ||   440
         Javelin           |       |       |       |    51 |    78 |    95 |     8 ||   232
 Invoke: Heroism           |       |       |     4 |    10 |    29 |    48 |     3 ||    94
         Finesse           |       |       |       |     1 |     7 |    11 |     1 ||    20
    Use: Scroll            |     3 |     7 |     7 |     7 |    10 |     7 |     1 ||    42
         Potion            |     1 |     3 |     3 |     1 |     1 |     3 |     1 ||    13
   Stab: Distracted        |       |       |     1 |       |       |     1 |       ||     2
 Armour: Scale mail        |    39 |    80 |    20 |       |       |       |       ||   139
         Chain mail        |       |       |    62 |   120 |       |       |       ||   182
         Plate armour      |       |       |       |   128 |   463 |   685 |    42 ||  1318
  Dodge: Dodged            |    30 |    44 |    53 |   148 |   267 |   336 |    13 ||   891
  Block: Buckler           |    17 |    19 |    25 |    61 |       |       |       ||   122
         Kite shield       |       |       |       |   163 |   498 |   623 |       ||  1284
         Tower shield      |       |       |       |       |       |    90 |    67 ||   157

Table legend:
 A = Non-vault XP
 B = Vault XP
 C = Vault XP percentage of total XP
 D = Non-vault monster count
 E = Vault monster count
 F = Vault count percentage of total count
                 A         B        C        D         E       F
            +---------+---------+-------+---------+---------+-------
      Total |  221163 |  116640 |  34.5 |     754 |     287 |  27.6
            +---------+---------+-------+---------+---------+-------
        D:1 |      42 |       0 |   0.0 |      26 |       0 |   0.0
        D:2 |      36 |      37 |  50.7 |      22 |       1 |   4.3
        D:3 |      98 |      34 |  25.8 |      10 |      11 |  52.4
        D:4 |     307 |       0 |   0.0 |      15 |       0 |   0.0
        D:5 |     655 |     203 |  23.7 |      13 |       2 |  13.3
        D:6 |     749 |       0 |   0.0 |      16 |       0 |   0.0
        D:7 |    1000 |       0 |   0.0 |      17 |       0 |   0.0
        D:8 |    3256 |     787 |  19.5 |      21 |       2 |   8.7
        D:9 |    3857 |    1939 |  33.5 |      30 |      23 |  43.4
       D:10 |    4879 |       0 |   0.0 |      23 |       0 |   0.0
       D:11 |    2349 |    3809 |  61.9 |      14 |      17 |  54.8
       D:12 |    4645 |    2869 |  38.2 |      25 |      11 |  30.6
       D:13 |    1493 |    4228 |  73.9 |       4 |       7 |  63.6
       D:14 |   12100 |       0 |   0.0 |      24 |       0 |   0.0
       D:15 |    9508 |    2645 |  21.8 |      25 |       4 |  13.8
     Lair:1 |    4486 |     521 |  10.4 |      18 |      34 |  65.4
     Lair:2 |    7158 |    3647 |  33.8 |      16 |       8 |  33.3
     Lair:3 |    7417 |       0 |   0.0 |      28 |       0 |   0.0
     Lair:4 |   14290 |       0 |   0.0 |      41 |       0 |   0.0
     Lair:5 |   16825 |    9937 |  37.1 |      53 |      25 |  32.1
    Swamp:1 |   14755 |       0 |   0.0 |      30 |       0 |   0.0
    Swamp:2 |   13410 |   19070 |  58.7 |      32 |      24 |  42.9
    Swamp:3 |   11651 |     405 |   3.4 |      21 |       3 |  12.5
    Swamp:4 |    8036 |   26487 |  76.7 |      11 |      33 |  75.0
   Spider:1 |   18013 |    1599 |   8.2 |      54 |       1 |   1.8
   Spider:2 |   19292 |       0 |   0.0 |      46 |       0 |   0.0
   Spider:3 |   17694 |       0 |   0.0 |      43 |       0 |   0.0
      Orc:1 |    2089 |       0 |   0.0 |      25 |       0 |   0.0
      Orc:2 |    3240 |    8544 |  72.5 |      26 |      39 |  60.0
   Vaults:1 |   17833 |   29879 |  62.6 |      25 |      42 |  62.7
            +---------+---------+-------+---------+---------+-------
